 Dungeon Crawl Stone Soup version 0.20.1-1-g8b1a95d (webtiles) character file.

52 letownia2 the Grave Robber (level 3, 26/28 HPs)
             Began as a Deep Dwarf Necromancer on Dec 15, 2017.
             Quit the game on level 4 of the Dungeon.
             The game lasted 00:03:25 (1171 turns).

letownia2 the Grave Robber (Deep Dwarf Necromancer) Turns: 1171, Time: 00:03:26

Health: 26/28      AC:  3    Str: 11    XL:     3   Next: 60%
Magic:  6/6        EV: 12    Int: 16    God:
Gold:   63         SH:  0    Dex: 13    Spells: 2/6 levels left

rFire    . . .     SeeInvis .   e - -2 dagger (curse)
rCold    . . .     Gourm    .   (no shield)
rNeg     . . .     Faith    .   a - +0 robe
rPois    .         Spirit   .   p - +0 helmet
rElec    .         Reflect  .   (no cloak)
rCorr    .         Harm     .   (no gloves)
MR       .....                  (no boots)
Stlth    ++........             (no amulet)
Regen    0.0/turn               (no ring)
MPRegen  0.1/turn               (no ring)

@: non-regenerating
A: damage resistance, heal wounds, sense surroundings 1, no regeneration
a: Heal Wounds


You were on level 4 of the Dungeon.
You were not hungry.

You visited 2 branches of the dungeon, and saw 5 of its levels.

You collected 63 gold pieces.

Inventory:

Hand Weapons
 e - a cursed -2 dagger (weapon)
 f - a +1 dagger of venom
Armour
 a - a +0 robe (worn)
 l - a cursed -2 crystal plate armour
 p - a +0 helmet (worn)
Scrolls
 h - 2 scrolls of enchant weapon {unknown}
 j - a scroll of blinking {unknown}
 k - a scroll of teleportation {unknown}
 m - a scroll of identify {unknown}
 n - 2 scrolls of magic mapping {unknown}
 q - a scroll of fog {unknown}
Potions
 d - a potion of flight {unknown}
 i - 2 potions of curing {unknown}
 o - 2 potions of mutation {unknown}
Books
 b - a book of Necromancy

   Spells                             Type                      Level
   a - Pain                           Necromancy                   1
   b - Animate Skeleton               Necromancy                   1
   c - Vampiric Draining              Necromancy                   3
   d - Regeneration                   Charms/Necromancy            3
   e - Animate Dead                   Necromancy                   4
   f - Control Undead                 Necromancy                   4
Comestibles
 c - 3 bread rations


   Skills:
 - Level 2.1 Dodging
 - Level 2.4 Stealth
 - Level 2.1 Spellcasting
 + Level 5.6 Necromancy


You had 2 spell levels left.
You knew the following spells:

 Your Spells              Type           Power        Failure   Level  Hunger
a - Pain                  Necr           ###.         1%          1    #......
v - Vampiric Draining     Necr           ###.......   6%          3    ###....


Dungeon Overview and Level Annotations

Branches:
Dungeon (4/15)             Temple (1/1) D:4

Altars:
Ashenzari
Dithmenos
Elyvilon
Hepliaklqana
Makhleb
Okawaru
Qazlal
Ru
Uskayaw
Vehumet
Xom
Yredelemnul
Zin


Innate Abilities, Weirdness & Mutations

You are resistant to damage.
You can heal yourself by infusing magical energy.
You passively map a small area around you.
You do not regenerate.


Message History

Done exploring.
There is a staircase back to the Dungeon here.
You climb upwards.
Welcome back to the Dungeon!
You hear the sound of rushing water.
There is an entrance to a sewer on this level.
Hurry and find it before the portal rusts away!
You hear the quick rusting of a very distant drain.
There is a staircase to the Ecumenical Temple here.
Unknown command.
Unknown command.
Unknown command.
Unknown command.
Found 7 gold pieces.
A leopard gecko comes into view.
A worker ant comes into view.
A ball python and a hound come into view.
The leopard gecko hisses angrily.
The hound barks!
The worker ant twitches its antennae in your direction.
Found a leather armour and 16 gold pieces.
You see here 7 gold pieces.
Are you sure you want to abandon this character and quit the game? (Confirm with "yes".)

,
.......................
,
,.#.###....#..#..#..#..
, ,
,###..#...............
## #.#.################
* .. ####.#.#,,, ....##
..,* #..## , ......
#.**#...# ,, ......
*#.##.##............. ,
*#..@## ..##.###..... ,
, , ,#..#.h...## ##....
,...l,......# #.... , ,
.S..,.......# ##... ...
...a.....# , #.... ..
......[..... ...... ,
.,............. ......
* , .........$....
...... , ####..


You could see a hound, a worker ant, a leopard gecko and a ball python
(wandering).

Vanquished Creatures
  4 adders
  A ball python (D:1)
  3 goblins
  3 hobgoblins (D:2)
  3 kobolds
  2 bats
  A frilled lizard (D:2)
  A rat (D:2)
18 creatures vanquished.

Notes
Turn   | Place    | Note
-------+----------+-------------------------------------------
     0 | D:1      | letownia2 the Deep Dwarf Necromancer began the quest for the Orb.
     0 | D:1      | Reached XP level 1. HP: 15/15 MP: 3/3
     2 | D:1      | Noticed a tengu
     2 | D:1      | Noticed a troll
     4 | D:1      | Noticed a felid
     4 | D:1      | Noticed a merfolk
     6 | D:1      | Noticed an ogre
     6 | D:1      | Noticed a formicid
     8 | D:1      | Noticed a draconian
     8 | D:1      | Noticed a vampire
    10 | D:1      | Noticed a gargoyle
    10 | D:1      | Noticed a spriggan
    12 | D:1      | Noticed a halfling
    14 | D:1      | Noticed a centaur
    14 | D:1      | Noticed a vine stalker
    16 | D:1      | Noticed a dwarf
    18 | D:1      | Noticed a demonspawn
    20 | D:1      | Noticed a ghoul
    20 | D:1      | Noticed a demigod
    22 | D:1      | Noticed a minotaur
    22 | D:1      | Noticed an octopode
    24 | D:1      | Noticed a naga
    26 | D:1      | Noticed a human
    26 | D:1      | Noticed an elf
   189 | D:2      | Reached XP level 2. HP: 22/22 MP: 0/5
   370 | D:1      | Reached skill level 5 in Necromancy
   406 | D:2      | Found a burning altar of Makhleb.
   432 | D:2      | Reached XP level 3. HP: 26/28 MP: 2/6
   439 | D:2      | Learned a level 3 spell: Vampiric Draining
   803 | D:4      | Found a staircase to the Ecumenical Temple.
   812 | Temple   | Entered the Ecumenical Temple
  1171 | D:4      | Quit the game

Skill      XL: |  1  2 |
---------------+-------+-----
Spellcasting   | 2 |  2.1
Necromancy     | 5 |  5.6
Dodging        | |  2.1
Stealth        | |  2.4

Action                   || total
-------------------------++-------
Melee: Dagger            ||     8
 Cast: Pain              ||    35
  Eat: Chunk             ||     1
Armor: Robe              ||     9
Dodge: Dodged            ||    31
